 Dungeon Crawl Stone Soup version 0.25.0-9-g26727b657a (webtiles) character file.

Game seed: 853420862779719912

59 Descartes the Grasshopper (level 3, 0/16 HPs)
             Began as a Felid Warper on June 19, 2020.
             Slain by a worker ant (6 damage)
             ... on level 2 of the Dungeon.
             The game lasted 00:02:49 (1841 turns).

Descartes the Grasshopper (Felid Warper)            Turns: 1841, Time: 00:02:50

Health: 0/16       AC:  1    Str:  5 (8)  XL:     3   Next: 78%
Magic:  7/7        EV: 18    Int: 12 (14) God:
Gold:   35         SH:  0    Dex: 13 (15) Spells: 2/6 levels left
                                        Lives:  0   Deaths: 0

rFire    . . .     SeeInvis +     - Unarmed
rCold    . . .     Gourm    .   (shield unavailable)
rNeg     . . .     Faith    .   (armour unavailable)
rPois    .         Spirit   .   (helmet unavailable)
rElec    .         Reflect  .   (cloak unavailable)
rCorr    .         Harm     .   (gloves unavailable)
MR       .....                  (boots unavailable)
Stlth    ++........             (no amulet)
HPRegen  0.05/turn              (no ring)
MPRegen  0.10/turn              (no ring)

@: quick
A: very small, no armour, no weapons or thrown items, stealth, claws 1, fangs 3,
see invisible, carnivore, speed 1, shaggy fur 1, slow metabolism 1, sharp paws
a: no special abilities


You were on level 2 of the Dungeon.
You were completely stuffed.

You visited 1 branch of the dungeon, and saw 4 of its levels.

You collected 35 gold pieces.

Inventory:

Missiles
 e - 30 stones
Scrolls
 a - 3 scrolls of identify {unknown}
 b - a scroll of blinking
 d - a scroll of remove curse {unknown}
Comestibles
 c - a ration
 f - a chunk of flesh


   Skills:
 + Level 2.3 Fighting
 + Level 3.5 Dodging
 * Level 2.5 Stealth
 * Level 2.7 Unarmed Combat
 - Level 2.0 Spellcasting
 + Level 1.0 Charms
 + Level 4.7 Translocations


You had 2 spell levels left.
You knew the following spells:

 Your Spells              Type           Power        Failure   Level  Hunger
a - Blink                 Tloc           N/A          6%          2    ###....
b - Shroud of Golubria    Chrm/Tloc      #.....       13%         2    ###....

Your spell library contained the following spells:

 Spells                   Type           Power        Failure   Level  Hunger
 Gell's Gravitas          Tloc           ##........   12%         3    ####...
 Lesser Beckoning         Tloc           ##........   12%         3    ####...
 Teleport Other           Tloc           ##......     12%         3    ####...
 Passage of Golubria      Tloc           N/A          36%         4    #####..


Dungeon Overview and Level Annotations

Branches:
Dungeon (4/15)
 Temple: D:4-7

Altars:
Ru
Sif Muna
Vehumet


Innate Abilities, Weirdness & Mutations

You cannot wear armour.
You are incapable of wielding weapons or throwing items.
Your paws allow you to move quietly. (Stealth)
You have sharp claws.
You have razor-sharp teeth.
You have supernaturally acute eyesight. (SInv)
You are carnivorous and can eat meat at any time.
You cover ground quickly.
You are covered in fur. (AC +1)
You have a slow metabolism.
Your sharp claws are effective at attacking unaware monsters.


Message History

Found 23 arrows.
Found the +3 warlock's mirror {reflect}.
There is a stone staircase leading up here.
The worker ant barely misses you.
You climb upwards. 3 orcs come into view.
Found a sacrificial altar of Ru.
Found a stone staircase leading up.
There is a stone staircase leading down here.
An orc comes into view.
The orc shouts! x2; You hear a shout!
There is a stone staircase leading up here.
The worker ant bites you!
You climb upwards.
Found 6 gold pieces.
Found an escape hatch in the ceiling.
There is a stone staircase leading down here.
Found 15 stones.
A quokka comes into view.
There is an escape hatch in the ceiling here.
The worker ant bites you.
You die...

####### #.....#
#.....#
#####.$...####
.......>..'..#
#####.....##.#
(......a...#r##
.####..@.......
##.......##
#.......#
#.......#
..........
##.......##
#######.# .#


You could see a worker ant and a quokka (asleep).

Vanquished Creatures
  Jessica (D:2)
  An adder (D:2)
  A dart slug (D:1)
  A leopard gecko (D:2)
  An orc (D:2)
  A giant cockroach (D:1)
  A goblin (D:1)
  2 hobgoblins (D:1)
  5 bats
  A frilled lizard (D:1)
  5 kobolds
  3 rats (D:1)
23 creatures vanquished.

Notes
Turn   | Place    | Note
-------+----------+-------------------------------------------
     0 | D:1      | Descartes the Felid Warper began the quest for the Orb.
     0 | D:1      | Reached XP level 1. HP: 9/9 MP: 4/4
   329 | D:1      | Reached skill level 1 in Stealth
   342 | D:1      | Reached XP level 2. HP: 7/13 MP: 6/6
   351 | D:1      | Learned a level 2 spell: Blink
   354 | D:1      | Learned a level 2 spell: Shroud of Golubria
   957 | D:2      | Found a shimmering blue altar of Sif Muna.
   982 | D:2      | Noticed Jessica
  1354 | D:2      | Killed Jessica
  1354 | D:2      | Reached XP level 3. HP: 8/16 MP: 7/7
  1647 | D:2      | Found a radiant altar of Vehumet.
  1660 | D:2      | Reached skill level 1 in Charms
  1801 | D:2      | You fall into a shaft and drop 2 floors!
  1831 | D:4      | Found the +3 warlock's mirror {reflect}
  1833 | D:3      | Found a sacrificial altar of Ru.
  1841 | D:2      | Slain by a worker ant

Illustrated notes

Levels and vault maps discovered:
D:1:      shiori_arrival_oz, layout_loops_cross, minmay_misc_feat_alley
D:2:      layout_basic, lemuel_doored_altar, old_standard_altar,
          overflow_temple_1_default, minmay_vboxes, uniq_jessica
D:3:      cheibrodos_greedy_goblins, layout_loops_cross,
          nicolae_overflow_crystal_walls, eat_drink_and_be_merry_uskayaw,
          serial_glass, glass_columns_b, glass_columns_a, glass_columns_c,
          glass_columns_b, glass_columns_a, glass_columns_a,
          grunt_decor_one_mirror
D:4:      layout_cave_pools, minmay_temple_entry_trees

Skill      XL: |  1  2  3 |
---------------+----------+-----
Stealth        | 1 2 |  2.5
Charms         | 1 |  1.0
Fighting       | |  2.3
Dodging        | |  3.5
Unarmed Combat | |  2.7
Spellcasting   | |  2.0
Translocations | |  4.7

Action                   || total
-------------------------++-------
Melee: Unarmed           ||   108
       Bite              ||    11
       Punch             ||     1
  Use: Potion            ||     3
 Stab: Sleeping          ||     2
  Eat: Chunk             ||     9
Armor: Skin              ||     3
Dodge: Dodged            ||    94
